 Dungeon Crawl Stone Soup version 0.29.1-12-g30fa7ad0bf (webtiles) character file.

Game seed: 10875030881219715004

3924 sankara the Grappler (level 10, 0/88 HPs)
             Began as a Minotaur Fighter on Jan 7, 2023.
             Was a Priest of Okawaru.
             Slain by a wyvern (9 damage)
             ... on level 9 of the Dungeon.
             The game lasted 00:17:33 (7713 turns).

sankara the Grappler (Minotaur Fighter)             Turns: 7713, Time: 00:17:33

Health: 0/88       AC: 20    Str: 22    XL:     10   Next: 1%
Magic:  8/11       EV: 10    Int:  7    God:    Okawaru [***...]
Gold:   483        SH: 11    Dex: 11    Spells: 9/9 levels left

rFire   . . .      SeeInvis .     - Unarmed
rCold   . . .      Faith    .   b - +0 buckler
rNeg    . . .      Spirit   .   q - +0 chain mail
rPois   +          Reflect  +   (helmet restricted)
rElec   .          Harm     .   (no cloak)
rCorr   .          Rampage  .   p - +0 pair of gloves
Will    .....                   d - +1 pair of boots
Stlth   ..........              I - amulet of reflection
HPRegen 0.24/turn               l - +4 ring of protection
MPRegen 0.12/turn               o - ring of poison resistance

@: heroic
A: horns 2, retaliatory headbutt
a: Renounce Religion, Heroism


You were on level 9 of the Dungeon.
You worshipped Okawaru.
Okawaru was most pleased with you.
You visited 2 branches of the dungeon, and saw 10 of its levels.

You collected 483 gold pieces.

Inventory:

Hand Weapons
 e - a +3 dagger of venom
Missiles
 k - 16 poisoned darts (quivered)
 t - a boomerang of dispersal
 D - 3 boomerangs
 J - a curare-tipped dart
Armour
 b - a +0 buckler (worn)
 d - a +1 pair of boots (worn)
 p - a +0 pair of gloves (worn)
 q - a +0 chain mail (worn)
 G - +0 steam dragon scales
 H - a +0 scale mail of fire resistance
 K - a +2 kite shield
Jewellery
 l - a +4 ring of protection (left hand)
 o - a ring of poison resistance (right hand)
 I - an amulet of reflection (around neck)
 L - a ring of resist corrosion
Wands
 v - a wand of flame (14)
 w - a wand of mindburst (14)
 E - a wand of roots (5)
 F - a wand of light (20)
Scrolls
 c - 2 scrolls of teleportation
 h - 4 scrolls of enchant armour
 i - a scroll of amnesia {unknown}
 j - 5 scrolls of identify
 m - 2 scrolls of vulnerability
 r - a scroll of summoning
 y - a scroll of enchant weapon
 B - a scroll of fog
 C - 3 scrolls of blinking {unknown}
Potions
 a - 3 potions of flight
 f - 3 potions of lignification
 g - 3 potions of brilliance
 n - 4 potions of magic
 u - 2 potions of might
 x - a potion of resistance {unknown}
 z - 2 potions of heal wounds {unknown}
 A - 4 potions of curing {unknown}


   Skills:
 + Level 8.3(13.3) Fighting
 - Level 3.0(8.0) Throwing
 + Level 8.1(13.1) Armour
 - Level 3.0(8.0) Dodging
 - Level 5.0(10.0) Shields
 * Level 9.8(14.8) Unarmed Combat
 + Level 3.8 Invocations
 - Level 3.0 Evocations


You had 9 spell levels left.
You didn't know any spells.
Your spell library contained the following spells:

 Spells                   Type           Power      Damage    Failure   Level
 Foxfire                  Conj/Fire      0%         2x1d4     96%         1
 Freeze                   Ice            0%         1d3       96%         1
 Poisonous Vapours        Pois/Air       0%         N/A       99%         2
 Static Discharge         Conj/Air       0%         3-3/arc   99%         2
 Conjure Flame            Conj/Fire      0%         6-21      100%        3
 Frozen Ramparts          Ice            0%         1d1       100%        3
 Inner Flame              Hex/Fire       0%         N/A       100%        3
 Cause Fear               Hex            0%         N/A       100%        4
 Corpse Rot               Necr/Pois/Air  0%         N/A       100%        4
 Flame Wave               Conj/Fire      0%         2d4       100%        4
 Hailstorm                Conj/Ice       0%         3d3       100%        4
 Passage of Golubria      Tloc           0%         N/A       100%        4
 Lightning Bolt           Conj/Air       0%         1d11      100%        5
 Yara's Violent Unravell  Hex/Tmut       0%         3d3       100%        5
 Dragon Form              Tmut           0%         N/A       100%        7
 Borgnjor's Revivificati  Necr           0%         N/A       100%        8
 Maxwell's Capacitive Co  Air            0%         ∞         100%        8
 Necromutation            Tmut/Necr      0%         N/A       100%        8
 Death's Door             Necr           0%         N/A       100%        9
 Tukima's Dance           Hex            Unusable   N/A       N/A         3
 Dragon's Call            Summ           Unusable   N/A       N/A         9

Dungeon Overview and Level Annotations

Branches:
Dungeon (9/15)             Temple (1/1) D:4             Orc (0/2) D:9
   Lair: D:8-11

Altars:
Ashenzari
Cheibriados
Elyvilon
Fedhas
Hepliaklqana
Kikubaaqudgha
Makhleb
Nemelex Xobeh
Okawaru
Qazlal
Ru
Sif Muna
Trog
Uskayaw
Vehumet
Wu Jian
Xom
Zin
The Shining One

Annotations:
D:5 2 runed translucent doors, 2 transporters, Discosetron's ghost, novice SpHu


Innate Abilities, Weirdness & Mutations

You have a pair of horns on your head.
You reflexively headbutt those who attack you in melee.


Message History

You punch the bullfrog! You headbutt the bullfrog.
The bullfrog is severely wounded.
The bullfrog hits you but does no damage.
The orc priest looks encouraged for a moment.
You block the orc warrior's attack.
You closely miss the bullfrog.
The bullfrog is severely wounded.
The bullfrog closely misses you.
The orc priest calls down the wrath of Beogh upon you.
Beogh smites you!
The orc warrior hits you from afar with a +0 glaive!
You block something's attack.
You are too injured to fight recklessly!
Unknown command.
You gain the combat prowess of a mighty hero.
You block the bullfrog's attack. You block the wyvern's attack.
The orc warrior hits you from afar with a +0 glaive!!
* * * LOW HITPOINT WARNING * * *
You hear some strange, mumbled words.
A magic dart appears from out of thin air!
The magic dart hits you but does no damage.
The bullfrog barely misses you.
You punch the bullfrog!
You kill the bullfrog!
Okawaru accepts your kill. The wyvern bites you.
* * * LOW HITPOINT WARNING * * *
You block the wyvern's attack.
You have reached level 10!
You hit the wyvern but do no damage. Something hits you but does no damage.
You block the orc warrior's attack. You block the wyvern's attack.
You hit the orc priest. You headbutt the orc priest!
You kill the orc priest!
Okawaru accepts your kill. Something hits you but does no damage.
The orc warrior hits you from afar with a +0 glaive!
* * * LOW HITPOINT WARNING * * *
You block the wyvern's attack. Something hits you but does no damage.
The wyvern bites you!
You die...

# #. ...... ...#.#####
#####......
....#.....#####..........
...............!.........
..........##..##.........
.........................
........).......l{.....>
...............@.)o.....
####........#####......
#..>.....# ####.
#........# #.######.# #.#
#.# #.# #.# #.# #.#
######.###+##.


You could see an orc warrior and a wyvern.

Vanquished Creatures
  Grum (D:9)
  Menkaure (D:7)
  2 steam dragons (D:7)
  An acid dragon (D:9)
  2 water moccasins
  5 ice beasts
  An orc warrior (D:9)
  2 black bears
  An ogre (D:6)
  3 wolves (D:9)
  A phantom (D:4)
  A centaur (D:7)
  A kobold brigand (D:8)
  3 bullfrogs
  2 necrophages
  A gnoll sergeant (D:8)
  5 wights (D:8)
  4 scorpions
  A vampire bat (D:5)
  5 orc priests
  2 hounds
  2 jellies
  A gnoll bouda (D:7)
  An iguana (D:6)
  Jessica (D:2)
  Terence (D:2)
  Natasha (twice) (D:3)
  6 orc wizards
  10 gnolls
  10 adders
  A shadow imp (D:5)
  3 white imps
  An ufetubus (D:5)
  4 worms
  4 dart slugs
  19 orcs
  5 ball pythons
  11 bats
  6 endoplasms
  2 giant cockroaches (D:1)
  8 goblins
  4 hobgoblins
  7 jackals (D:1)
  2 quokkas
  3 frilled lizards
  5 kobolds
  4 rats (D:2)
168 creatures vanquished.

Notes
Turn   | Place    | Note
-------+----------+-------------------------------------------
     0 | D:1      | sankara the Minotaur Fighter began the quest for the Orb.
     0 | D:1      | Reached XP level 1. HP: 19/19 MP: 0/0
    63 | D:1      | Reached XP level 2. HP: 26/27 MP: 1/1
   643 | D:1      | Reached skill level 3 in Unarmed Combat
   643 | D:1      | Reached XP level 3. HP: 33/33 MP: 2/2
  1128 | D:2      | Noticed Terence
  1139 | D:2      | Killed Terence
  1140 | D:2      | Reached XP level 4. HP: 27/40 MP: 3/3
  1175 | D:2      | Found a bloodstained altar of Trog.
  1447 | D:2      | Noticed Jessica
  1455 | D:2      | Killed Jessica
  1737 | D:3      | Found a faded altar of an unknown god.
  1761 | D:3      | Noticed Natasha
  1763 | D:3      | Noticed a black bear
  1776 | D:3      | Reached skill level 4 in Unarmed Combat
  1776 | D:3      | Reached XP level 5. HP: 37/47 MP: 4/4
  1776 | D:3      | Killed Natasha
  1786 | D:3      | Killed a black bear
  2113 | D:3      | Noticed Natasha
  2122 | D:3      | Killed Natasha
  2123 | D:3      | Reached XP level 6. HP: 53/55 MP: 5/5
  2445 | D:4      | Found a sacrificial altar of Ru.
  2480 | D:4      | Reached skill level 5 in Shields
  2482 | D:4      | Reached skill level 5 in Fighting
  2692 | D:4      | Noticed an ice beast
  2709 | D:4      | Killed an ice beast
  2710 | D:4      | Reached skill level 5 in Armour
  2710 | D:4      | Reached skill level 5 in Unarmed Combat
  2821 | D:4      | Reached XP level 7. HP: 61/61 MP: 6/6
  2937 | D:4      | Found a staircase to the Ecumenical Temple.
  2958 | Temple   | Entered the Ecumenical Temple
  3405 | Temple   | Became a worshipper of Warmaster Okawaru
  3558 | D:5      | Entered Level 5 of the Dungeon
  3713 | D:5      | Reached skill level 1 in Throwing
  3713 | D:5      | Reached skill level 1 in Dodging
  3766 | D:5      | Reached skill level 6 in Unarmed Combat
  3792 | D:5      | Found a runed translucent door.
  3794 | D:5      | Found a runed translucent door.
  4407 | D:5      | Found a transporter.
  4407 | D:5      | Noticed Discosetron's ghost (novice SpHu)
  4408 | D:5      | Found a transporter.
  4566 | D:6      | Reached * piety under Okawaru
  4576 | D:6      | Reached XP level 8. HP: 70/70 MP: 7/7
  4914 | D:6      | Reached skill level 7 in Unarmed Combat
  5319 | D:7      | Reached ** piety under Okawaru
  5336 | D:7      | Noticed Menkaure
  5608 | D:7      | Reached skill level 1 in Invocations
  5619 | D:7      | Reached skill level 1 in Evocations
  5815 | D:7      | Reached skill level 8 in Unarmed Combat
  5876 | D:7      | Reached XP level 9. HP: 69/79 MP: 9/9
  6224 | D:7      | Identified the +7 long sword "Dogigif" {protect, rF++
                  | Int+4}
  6228 | D:7      | Killed Menkaure
  6453 | D:8      | Reached *** piety under Okawaru
  6491 | D:8      | Reached skill level 9 in Unarmed Combat
  7283 | D:8      | Found a sparkling altar of Nemelex Xobeh.
  7427 | D:9      | Noticed Grum
  7442 | D:9      | Killed Grum
  7703 | D:9      | Found a staircase to the Orcish Mines.
  7711 | D:9      | Reached XP level 10. HP: 17/88 MP: 8/11
  7713 | D:9      | Slain by a wyvern

Illustrated notes

Levels and vault maps discovered:
D:1:      minmay_arrival_four_houses, layout_loops_cross, serial_park_tiny_pond
D:2:      layout_rooms, basic_altar, uniq_jessica, uniq_terence
D:3:      layout_basic, shapermc_ecumenical_altar_mp_highgroup, uniq_natasha
D:4:      layout_basic, mainiacjoe_overflow_six_doors_small,
          minmay_temple_entry_glass
D:5:      lemuel_insect_pit, layout_basic, gammafunk_ghost_mausoleum,
          roderic_batcave, minivault_23
D:6:      layout_basic
D:7:      layout_rooms, uniq_menkaure
D:8:      layout_rooms, nemelex_spade_bored_becter, minivault_10
D:9:      layout_irregular_city, mainiacjoe_overflow_surrounded_room,
          mainiacjoe_overflow_big_doors, serial_shops, nicolae_take_the_stairs,
          uniq_grum
Temple:   minmay_temple_bridge_d

Skill      XL: |  1  2  3  4  5  6  7  8  9 |
---------------+----------------------------+-----
Fighting       | 4 5 6 7 8 |  8.3
Shields        | 4 5 |  5.0
Unarmed Combat | 3 4 5 6 8 9 |  9.8
Armour         | 4 5 6 7 8 |  8.1
Throwing       | 2 3 |  3.0
Dodging        | 2 3 |  3.0
Invocations    | 1 3 |  3.8
Evocations     | 1 3 |  3.0

Action                   |  1- 3 |  4- 6 |  7- 9 | 10-12 || total
-------------------------+-------+-------+-------+-------++-------
Melee: Unarmed           |    99 |   109 |   312 |     2 ||   522
       Headbutt          |    13 |    20 |    63 |     1 ||    97
Throw: Dart              |       |     7 |     6 |       ||    13
Invok: Heroism           |       |       |     4 |       ||     4
Evoke: Wand              |       |       |     4 |       ||     4
  Use: Potion            |     1 |     2 |       |       ||     3
       Scroll            |       |       |    10 |       ||    10
Armor: Scale mail        |    66 |    26 |       |       ||    92
       Skin              |       |     5 |       |       ||     5
       Chain mail        |       |    18 |   174 |     3 ||   195
Dodge: Dodged            |    49 |    33 |   126 |       ||   208
Block: Buckler           |    19 |    10 |   115 |     3 ||   147
